Remparts vs Monarchs
Created - January 13, 2021 at 19:33
Goals
|
Remparts |
2 |
1 |
2 |
5 |
Monarchs |
0 |
0 |
1 |
1 |
|
Shots
|
Remparts |
11 |
17 |
6 |
34 |
Monarchs |
12 |
6 |
10 |
28 |
|
1st period
1. Remparts , Tobias Rieder 22 (Jonathan Huberdeau 3, Cedric Paquette 13) at 6:57
2. Remparts , Michael Latta 20 (Jonathan Huberdeau 4) at 8:22
Penalties :
No Penalty
2nd period
3. Remparts , Aaron Ekblad 6 (Griffin Reinhart 24, Jerry D'Amigo 11) at 0:44
Penalties :
Niklas Hansson (Que) for Kneeing (Major) at 3:04, Seth Helgeson (MAN) for Hooking (Minor) at 13:39
3rd period
4. Remparts , Jake Virtanen 12 (Kerby Rychel 11, Quinton Howden 14) at 2:43
5. Remparts , Jerry D'Amigo 18 (Tobias Rieder 27, Michael McCarron 2) at 14:03
6. Monarchs , Zach Werenski 8 (Jacob De La Rose 3, Anthony Cirelli 4) at 16:34
Penalties :
Jerry D'Amigo (Que) for Slashing (Minor) at 5:27, Michael Latta (Que) for Hooking (Minor) at 16:56
Goalie Stats
Garret Sparks (Que), 27 saves from 28 shots - (0.964), W, 5-8-1, 60:00 minutes
Alexandar Georgiev (MAN), 29 saves from 34 shots - (0.853), L, 9-10-3, 60:00 minutes
Players Stats for Remparts
Player Name G A P +/- PIM S H SB GA TA FO MP PP MP PK MP
------------------------------------------------------------------------------------
Aaron Ekblad 1 0 1 4 0 2 0 6 1 0 0/0 28:04 0:59 4:33
Cedric Paquette 0 1 1 1 0 3 2 0 0 0 5/8 15:17 0:00 2:57
Griffin Reinhart 0 1 1 2 0 1 3 0 0 2 0/0 20:35 1:00 2:06
Jake Virtanen 1 0 1 1 0 1 1 0 1 1 0/0 15:55 1:18 0:00
Jerry D'Amigo 1 1 2 1 2 5 1 0 1 0 0/0 13:24 0:00 1:00
John Draeger 0 0 0 0 0 1 1 0 0 0 0/0 14:39 0:00 3:54
Jonathan Huberdeau 0 2 2 2 0 0 1 1 0 0 3/3 20:15 0:41 3:16
Kerby Rychel 0 1 1 1 0 6 1 0 0 0 0/0 14:17 1:18 0:00
Matt Puempel 0 0 0 0 0 1 1 1 0 0 0/0 12:41 0:00 0:07
Michael Latta 1 0 1 2 2 3 1 1 0 0 11/28 19:28 0:41 2:53
Michael McCarron 0 1 1 0 0 0 2 0 0 0 0/0 8:11 0:00 0:00
Michal Jordan 0 0 0 2 0 0 0 1 0 1 0/0 23:27 0:59 1:54
Mitchell Heard 0 0 0 0 0 1 1 0 1 0 1/2 8:32 0:00 0:14
Niklas Hansson 0 0 0 0 5 2 1 1 0 1 0/0 13:35 0:00 2:12
Quinton Howden 0 1 1 1 0 0 1 0 0 0 3/9 16:59 1:18 3:03
Roberts Lipsbergs 0 0 0 0 0 1 0 0 0 0 0/0 5:19 0:00 0:28
Tobias Rieder 1 1 2 3 0 4 1 1 1 0 0/1 20:53 0:41 4:06
William Colbert 0 0 0 0 0 3 2 1 1 1 0/0 19:29 1:00 3:05
Players Stats for Monarchs
Player Name G A P +/- PIM S H SB GA TA FO MP PP MP PK MP
------------------------------------------------------------------------------------
Andy Andreoff 0 0 0 0 0 1 2 0 0 0 0/1 13:02 0:56 0:17
Anthony Cirelli 0 1 1 0 0 1 0 1 0 0 5/7 16:37 3:34 0:52
Brock Boeser 0 0 0 -4 0 1 2 0 2 0 1/1 17:05 3:34 0:00
Jacob De La Rose 0 1 1 1 0 0 0 0 0 3 0/0 10:36 0:59 0:52
Jacob Josefson 0 0 0 1 0 0 2 0 1 0 0/1 8:35 0:00 0:00
Jake Walman 0 0 0 0 0 0 0 0 0 0 0/0 1:04 0:00 1:04
Josh Anderson 0 0 0 1 0 0 1 0 0 0 0/0 8:20 0:00 0:00
Josh Manson 0 0 0 -2 0 1 0 1 0 1 0/0 18:21 1:04 0:49
JT Compher 0 0 0 -1 0 0 1 0 0 0 1/1 18:45 3:34 0:00
Markus Nutivaara 0 0 0 0 0 1 1 1 0 0 0/0 22:18 4:14 0:33
Mikko Rantanen 0 0 0 -1 0 4 1 1 1 0 1/1 19:12 4:13 0:00
Nicholas Baptiste 0 0 0 0 0 4 1 0 0 0 0/0 13:27 0:48 0:50
Nick Ritchie 0 0 0 -4 0 3 2 0 0 0 0/0 17:25 4:06 0:00
Noah Hanifin 0 0 0 -2 0 1 0 0 0 0 0/0 18:34 3:39 0:00
Olli Maatta 0 0 0 0 0 0 1 1 0 0 0/0 21:23 3:39 1:04
Riley Armstrong 0 0 0 -1 0 4 1 0 1 0 9/16 16:42 0:53 0:50
Seth Helgeson 0 0 0 -2 2 0 3 1 0 1 0/0 16:05 1:04 0:00
Stefan Matteau 0 0 0 -4 0 1 1 0 0 1 11/23 17:50 4:14 0:17
Zach Werenski 1 0 1 -2 0 6 0 0 1 0 0/0 22:39 4:14 0:28
3 Stars
1 - Tobias Rieder (Que)
2 - Aaron Ekblad (Que)
3 - Garret Sparks (Que)
Power Play
Remparts - 0 on 1 Attempt(s) - 0.00%
Monarchs - 0 on 3 Attempt(s) - 0.00%
Penalty Kill
Remparts - 3 on 3 Attempt(s) - 100.00%
- Score 0 goal in Penalty Kill
Monarchs - 1 on 1 Attempt(s) - 100.00%
- Score 0 goal in Penalty Kill
Team Stat
Remparts - Hits : 20 - Faceoff Wins : 23 - Blocked Shots : 13 - Penalty Minutes : 9
Monarchs - Hits : 19 - Faceoff Wins : 28 - Blocked Shots : 6 - Penalty Minutes : 2
Official
Referees : Unknown
Linesman : Unknown
Game Notes
Roberts Lipsbergs is injured at 18:01 of 2nd period (Bruised Left Leg)
Finance
Level 1 -- Attendance: 1974 (98.70%) -- Ticket Income $49,350
Level 2 -- Attendance: 1000 (100.00%) -- Ticket Income $10,000
Total Attendance: 2974 (99.13%)
Total Ticket Income: $59,350
Other Income: $2,968
Total Income: $62,318
Remparts
5 vs 5 Forward
Center Left Wing Right Wing Time % Phy DF OF
1 Michael Latta Jonathan Huberdeau Tobias Rieder 40 0 2 3
2 Quinton Howden Kerby Rychel Jake Virtanen 30 0 2 3
3 Cedric Paquette Matt Puempel Jerry D'Amigo 20 0 3 2
4 Mitchell Heard Roberts Lipsbergs Michael McCarron 10 1 2 2
5 vs 5 Defense
Defense Defense Time % Phy DF OF
1 Aaron Ekblad Michal Jordan 40 0 2 3
2 William Colbert Griffin Reinhart 30 0 2 3
3 Niklas Hansson John Draeger 20 1 2 2
4 Aaron Ekblad Griffin Reinhart 10 0 2 3
PowerPlay Forward
Center Left Wing Right Wing Time % Phy DF OF
1 Michael Latta Jonathan Huberdeau Tobias Rieder 60 0 1 4
2 Quinton Howden Kerby Rychel Jake Virtanen 40 0 1 4
PowerPlay Defense
Defense Defense Time % Phy DF OF
1 Aaron Ekblad Michal Jordan 60 0 2 3
2 Griffin Reinhart William Colbert 40 0 2 3
Penalty Kill 4 Players Forward
Center Wing Time % Phy DF OF
1 Michael Latta Tobias Rieder 60 1 3 1
2 Quinton Howden Jerry D'Amigo 40 1 3 1
Penalty Kill 4 Players Defense
Defense Defense Time % Phy DF OF
1 Aaron Ekblad Niklas Hansson 60 1 4 0
2 William Colbert John Draeger 40 1 4 0
Penalty Kill - 3 Players Forward
Forward Time % Phy DF OF
1 Michael Latta 60 1 3 1
2 Tobias Rieder 40 1 3 1
Penalty Kill - 3 Players Defense
Defense Defense Time % Phy DF OF
1 Niklas Hansson Aaron Ekblad 60 1 4 0
2 John Draeger William Colbert 40 1 4 0
4 vs 4 Forward
Center Wing Time % Phy DF OF
1 Michael Latta Jonathan Huberdeau 60 0 2 3
2 Quinton Howden Tobias Rieder 40 0 2 3
4 vs 4 Defense
Defense Defense Time % Phy DF OF
1 Aaron Ekblad Michal Jordan 60 0 2 3
2 William Colbert Griffin Reinhart 40 0 2 3
Last Minutes Offensive
Center Left Wing Right Wing Defense Defense
Michael Latta Jonathan Huberdeau Tobias Rieder Aaron Ekblad Michal Jordan
Last Minutes Defensive
Center Left Wing Right Wing Defense Defense
Michael Latta Kerby Rychel Tobias Rieder Aaron Ekblad Niklas Hansson
Goaltenders
Starting : Garret Sparks
Backup : Igor Bobkov
Extra Forwards
Normal : Jake Virtanen, Jonathan Huberdeau, Tobias Rieder - PP : Jake Virtanen, Tobias Rieder - PK : Michael Latta
Extra Defensemen
Normal : Griffin Reinhart, Aaron Ekblad, Michal Jordan - PP : Niklas Hansson - PK : John Draeger, Aaron Ekblad
Penalty Shots
Jerry D'Amigo, Jake Virtanen, Jonathan Huberdeau, Quinton Howden, Tobias Rieder
Scratches
Viktor Baldayev (Healthy), Juuso Ikonen (Healthy), Michael Downing (Healthy), Keaton Thompson (Healthy), Kyle Platzer (Healthy)
Connor Honey (Healthy), Jacob Larsson (Healthy), Lukas Vejdemo (Healthy), Kyle Capobianco (Healthy), Dmytro Timashov (Healthy)
Anton Zlobin (Healthy), Aleksander Barkov (Strained Right Elbow Injury), Nelson Nogier (Healthy), Marek Langhamer (Healthy)
Monarchs
5 vs 5 Forward
Center Left Wing Right Wing Time % Phy DF OF
1 Riley Armstrong JT Compher Mikko Rantanen 35 1 1 3
2 Stefan Matteau Nick Ritchie Brock Boeser 30 2 1 2
3 Anthony Cirelli Andy Andreoff Nicholas Baptiste 25 1 2 2
4 Jacob Josefson Jacob De La Rose Josh Anderson 10 2 2 1
5 vs 5 Defense
Defense Defense Time % Phy DF OF
1 Josh Manson Zach Werenski 35 0 3 2
2 Olli Maatta Markus Nutivaara 35 1 3 1
3 Seth Helgeson Noah Hanifin 30 1 3 1
4 Josh Manson Noah Hanifin 0 2 2 1
PowerPlay Forward
Center Left Wing Right Wing Time % Phy DF OF
1 Stefan Matteau Nick Ritchie Mikko Rantanen 60 1 1 3
2 Anthony Cirelli JT Compher Brock Boeser 40 1 1 3
PowerPlay Defense
Defense Defense Time % Phy DF OF
1 Markus Nutivaara Zach Werenski 60 0 2 3
2 Noah Hanifin Olli Maatta 40 0 2 3
Penalty Kill 4 Players Forward
Center Wing Time % Phy DF OF
1 Anthony Cirelli Jacob De La Rose 60 1 3 1
2 Riley Armstrong Nicholas Baptiste 40 1 3 1
Penalty Kill 4 Players Defense
Defense Defense Time % Phy DF OF
1 Olli Maatta Jake Walman 60 1 3 1
2 Seth Helgeson Josh Manson 40 1 3 1
Penalty Kill - 3 Players Forward
Forward Time % Phy DF OF
1 Jacob De La Rose 60 1 3 1
2 Riley Armstrong 40 1 3 1
Penalty Kill - 3 Players Defense
Defense Defense Time % Phy DF OF
1 Jake Walman Olli Maatta 60 1 3 1
2 Josh Manson Seth Helgeson 40 1 3 1
4 vs 4 Forward
Center Wing Time % Phy DF OF
1 Riley Armstrong Mikko Rantanen 60 1 2 2
2 Stefan Matteau Nick Ritchie 40 1 2 2
4 vs 4 Defense
Defense Defense Time % Phy DF OF
1 Olli Maatta Zach Werenski 60 1 2 2
2 Josh Manson Markus Nutivaara 40 1 2 2
Last Minutes Offensive
Center Left Wing Right Wing Defense Defense
Riley Armstrong Nick Ritchie Mikko Rantanen Markus Nutivaara Zach Werenski
Last Minutes Defensive
Center Left Wing Right Wing Defense Defense
Riley Armstrong Jacob De La Rose Nicholas Baptiste Olli Maatta Josh Manson
Goaltenders
Starting : Alexandar Georgiev
Backup : Jake Allen
Extra Forwards
Normal : JT Compher, Nick Ritchie, Andy Andreoff - PP : Riley Armstrong, Jacob De La Rose - PK : Stefan Matteau
Extra Defensemen
Normal : Zach Werenski, Josh Manson, Olli Maatta - PP : Seth Helgeson - PK : Zach Werenski, Markus Nutivaara
Penalty Shots
Andy Andreoff, Mikko Rantanen, JT Compher, Jacob De La Rose, Olli Maatta
Scratches
Jordan Weal (Healthy), Matt Roy (Healthy), Kurtis Macdermid (Healthy), Jordan Greenway (Healthy), Dmitri Orlov (Healthy)
Blake Lizotte (Healthy), Bokondji Imama (Healthy), Derek Forbort (Healthy), Austin Wuthrich (Healthy)
% Time on Ice - Remparts
Lines # - Real PCT - Wanted PCT - Time Play
Normal Forward
1 - 32% - 40% - 15:55
2 - 26% - 30% - 12:38
3 - 25% - 20% - 12:20
4 - 17% - 10% - 8:11
Normal Defense
1 - 42% - 40% - 20:23
2 - 31% - 30% - 15:24
3 - 23% - 20% - 11:08
4 - 4% - 10% - 2:09
PP Forward
1 - 34% - 60% - 0:41
2 - 66% - 40% - 1:18
PP Defense
1 - 50% - 60% - 0:59
2 - 50% - 40% - 1:00
PK Forward
1 - 81% - 60% - 7:14
2 - 19% - 40% - 1:43
PK Defense
1 - 78% - 60% - 6:59
2 - 22% - 40% - 1:58
PK3 Forward
1 - 0% - 60%
2 - 0% - 40%
PK3 Defense
1 - 0% - 60%
2 - 0% - 40%
44 Forward
1 - 0% - 60%
2 - 0% - 40%
44 Defense
1 - 0% - 60%
2 - 0% - 40%
Last Minute Offensive - 0:00
Last Minute Defensive - 0:00
Total
Forward - 60:00
Defense - 60:00
|
% Time on Ice - Monarchs
Lines # - Real PCT - Wanted PCT - Time Play
Normal Forward
1 - 31% - 35% - 15:24
2 - 28% - 30% - 13:31
3 - 24% - 25% - 11:49
4 - 17% - 10% - 8:20
Normal Defense
1 - 35% - 35% - 17:22
2 - 35% - 35% - 17:05
3 - 30% - 30% - 14:37
4 - 0% - 0% - 0:00
PP Forward
1 - 60% - 60% - 5:23
2 - 40% - 40% - 3:34
PP Defense
1 - 59% - 60% - 5:18
2 - 41% - 40% - 3:39
PK Forward
1 - 58% - 60% - 1:09
2 - 42% - 40% - 0:50
PK Defense
1 - 54% - 60% - 1:04
2 - 46% - 40% - 0:55
PK3 Forward
1 - 0% - 60%
2 - 0% - 40%
PK3 Defense
1 - 0% - 60%
2 - 0% - 40%
44 Forward
1 - 0% - 60%
2 - 0% - 40%
44 Defense
1 - 0% - 60%
2 - 0% - 40%
Last Minute Offensive - 0:00
Last Minute Defensive - 0:00
Total
Forward - 60:00
Defense - 60:00
|
Play-by-Play
1st period
0:01 of 1st period - Jonathan Huberdeau wins face-off versus Riley Armstrong in neutral zone.
0:49 of 1st period - Quinton Howden is hit by Mikko Rantanen and loses puck.
0:56 of 1st period - Snap shot by Riley Armstrong.
0:56 of 1st period - Stopped by Garret Sparks with a rebound.
1:04 of 1st period - Seth Helgeson is hit by Jake Virtanen and loses puck.
1:15 of 1st period - Wrist shot by Kerby Rychel.
1:15 of 1st period - Shot Misses the Net.
1:17 of 1st period - Snap shot by Kerby Rychel.
1:17 of 1st period - Stopped by Alexandar Georgiev without a rebound.
1:18 of 1st period - Michael Latta wins face-off versus Stefan Matteau in Monarchs zone.
1:43 of 1st period - William Colbert is hit by Nicholas Baptiste and loses puck.
2:02 of 1st period - Wrist shot by Jerry D'Amigo.
2:02 of 1st period - Shot Blocked by Olli Maatta.
4:21 of 1st period - Michael Latta is hit by JT Compher.
4:37 of 1st period - Snap shot by Nick Ritchie.
4:37 of 1st period - Stopped by Garret Sparks without a rebound.
4:38 of 1st period - Stefan Matteau wins face-off versus Cedric Paquette in Remparts zone.
4:43 of 1st period - Snap shot by Nick Ritchie.
4:43 of 1st period - Stopped by Garret Sparks with a rebound.
5:06 of 1st period - Anthony Cirelli is hit by Michael McCarron.
6:36 of 1st period - Anthony Cirelli is hit by Cedric Paquette and loses puck.
6:57 of 1st period - Wrist shot by Tobias Rieder.
6:57 of 1st period - Goal by Tobias Rieder - Remparts : 1 - Monarchs : 0.
6:58 of 1st period - Stefan Matteau wins face-off versus Michael Latta in neutral zone.
7:00 of 1st period - Off-side.
7:01 of 1st period - Michael Latta wins face-off versus Stefan Matteau in neutral zone.
7:15 of 1st period - Snap shot by Stefan Matteau.
7:15 of 1st period - Deflect By Nick Ritchie.
7:15 of 1st period - Shot Misses the Net.
7:15 of 1st period - Puck is out of play.
7:16 of 1st period - Quinton Howden wins face-off versus Riley Armstrong in Remparts zone.
7:25 of 1st period - Slapshot by Kerby Rychel.
7:25 of 1st period - Stopped by Alexandar Georgiev without a rebound.
7:26 of 1st period - Quinton Howden wins face-off versus Riley Armstrong in Monarchs zone.
7:47 of 1st period - Snap shot by Quinton Howden.
7:47 of 1st period - Shot Misses the Net.
8:01 of 1st period - Snap shot by Quinton Howden.
8:01 of 1st period - Shot Misses the Net.
8:03 of 1st period - Snap shot by William Colbert.
8:03 of 1st period - Stopped by Alexandar Georgiev with a rebound.
8:05 of 1st period - Wrist shot by William Colbert.
8:05 of 1st period - Shot Blocked by Josh Manson.
8:07 of 1st period - Slapshot by William Colbert.
8:07 of 1st period - Stopped by Alexandar Georgiev without a rebound.
8:08 of 1st period - Brock Boeser wins face-off versus Michael Latta in Monarchs zone.
8:22 of 1st period - Backhand shot by Michael Latta.
8:22 of 1st period - Goal by Michael Latta - Remparts : 2 - Monarchs : 0.
8:23 of 1st period - Anthony Cirelli wins face-off versus Michael Latta in neutral zone.
9:37 of 1st period - Wrist shot by Michael Latta.
9:37 of 1st period - Stopped by Alexandar Georgiev with a rebound.
9:55 of 1st period - Slapshot by William Colbert.
9:55 of 1st period - Deflect By Roberts Lipsbergs.
9:55 of 1st period - Stopped by Alexandar Georgiev without a rebound.
9:56 of 1st period - Stefan Matteau wins face-off versus Mitchell Heard in Monarchs zone.
10:09 of 1st period - Slapshot by Nick Ritchie.
10:09 of 1st period - Shot Blocked by Aaron Ekblad.
10:11 of 1st period - Snap shot by Stefan Matteau.
10:11 of 1st period - Deflect By Nick Ritchie.
10:11 of 1st period - Shot Misses the Net.
10:11 of 1st period - Puck is out of play.
10:12 of 1st period - Anthony Cirelli wins face-off versus Michael Latta in Remparts zone.
10:13 of 1st period - Slapshot by Nicholas Baptiste.
10:13 of 1st period - Stopped by Garret Sparks with a rebound.
10:39 of 1st period - Aaron Ekblad is hit by Seth Helgeson.
10:45 of 1st period - Wrist shot by Mikko Rantanen.
10:45 of 1st period - Shot Misses the Net.
10:47 of 1st period - Wrist shot by Mikko Rantanen.
10:47 of 1st period - Stopped by Garret Sparks without a rebound.
10:48 of 1st period - Michael Latta wins face-off versus Stefan Matteau in Remparts zone.
10:53 of 1st period - Wrist shot by Michael Latta.
10:53 of 1st period - Stopped by Alexandar Georgiev without a rebound.
10:54 of 1st period - Stefan Matteau wins face-off versus Michael Latta in Monarchs zone.
10:54 of 1st period - Stefan Matteau is hit by Tobias Rieder.
11:06 of 1st period - Wrist shot by Stefan Matteau.
11:06 of 1st period - Deflect By Nick Ritchie.
11:06 of 1st period - Shot Misses the Net.
11:06 of 1st period - Puck is out of play.
11:07 of 1st period - Anthony Cirelli wins face-off versus Michael Latta in Remparts zone.
11:10 of 1st period - Snap shot by Nicholas Baptiste.
11:10 of 1st period - Stopped by Garret Sparks without a rebound.
11:11 of 1st period - Jonathan Huberdeau wins face-off versus Andy Andreoff in Remparts zone.
11:15 of 1st period - Off-side.
11:16 of 1st period - Anthony Cirelli wins face-off versus Michael Latta in neutral zone.
11:23 of 1st period - Slapshot by Nicholas Baptiste.
11:23 of 1st period - Shot Misses the Net.
11:25 of 1st period - Slapshot by Josh Manson.
11:25 of 1st period - Stopped by Garret Sparks with a rebound.
11:27 of 1st period - Slapshot by Josh Manson.
11:27 of 1st period - Shot Misses the Net.
11:41 of 1st period - Wrist shot by Nicholas Baptiste.
11:41 of 1st period - Shot Blocked by Tobias Rieder.
11:43 of 1st period - Snap shot by Nicholas Baptiste.
11:43 of 1st period - Stopped by Garret Sparks with a rebound.
11:45 of 1st period - Snap shot by Anthony Cirelli.
11:45 of 1st period - Shot Misses the Net.
11:57 of 1st period - Snap shot by Nicholas Baptiste.
11:57 of 1st period - Stopped by Garret Sparks with a rebound.
12:18 of 1st period - Wrist shot by Nicholas Baptiste.
12:18 of 1st period - Shot Blocked by Jonathan Huberdeau.
12:20 of 1st period - Wrist shot by Josh Manson.
12:20 of 1st period - Shot Misses the Net.
12:26 of 1st period - Snap shot by Nicholas Baptiste.
12:26 of 1st period - Shot Blocked by Aaron Ekblad.
12:28 of 1st period - Wrist shot by Andy Andreoff.
12:28 of 1st period - Shot Misses the Net.
12:30 of 1st period - Wrist shot by Anthony Cirelli.
12:30 of 1st period - Stopped by Garret Sparks with a rebound.
12:42 of 1st period - Slapshot by Zach Werenski.
12:42 of 1st period - Stopped by Garret Sparks with a rebound.
13:10 of 1st period - Snap shot by Nicholas Baptiste.
13:10 of 1st period - Shot Blocked by Michal Jordan.
13:12 of 1st period - Wrist shot by Zach Werenski.
13:12 of 1st period - Stopped by Garret Sparks without a rebound.
13:13 of 1st period - Riley Armstrong wins face-off versus Quinton Howden in Remparts zone.
14:01 of 1st period - Wrist shot by Jerry D'Amigo.
14:01 of 1st period - Stopped by Alexandar Georgiev with a rebound.
14:03 of 1st period - Snap shot by Cedric Paquette.
14:03 of 1st period - Shot Misses the Net.
14:09 of 1st period - Snap shot by Cedric Paquette.
14:09 of 1st period - Shot Misses the Net.
14:11 of 1st period - Slapshot by Niklas Hansson.
14:11 of 1st period - Stopped by Alexandar Georgiev without a rebound.
14:12 of 1st period - Stefan Matteau wins face-off versus Quinton Howden in Monarchs zone.
14:59 of 1st period - John Draeger is hit by Markus Nutivaara and loses puck.
17:34 of 1st period - Seth Helgeson is hit by Mitchell Heard and loses puck.
18:07 of 1st period - JT Compher is hit by William Colbert and loses puck.
18:22 of 1st period - Griffin Reinhart is hit by Josh Anderson and loses puck.
18:48 of 1st period - Tobias Rieder is hit by Nick Ritchie and loses puck.
19:16 of 1st period - Icing by Matt Puempel.
19:17 of 1st period - Cedric Paquette wins face-off versus Riley Armstrong in Remparts zone.
Goals for this period are 2 for Remparts vs 0 for Monarchs .
Shots for this period are 11 for Remparts vs 12 for Monarchs .
2nd period
0:01 of 2nd period - Michael Latta wins face-off versus Riley Armstrong in neutral zone.
0:05 of 2nd period - Off-side.
0:06 of 2nd period - Riley Armstrong wins face-off versus Michael Latta in neutral zone.
0:38 of 2nd period - Wrist shot by Jerry D'Amigo.
0:38 of 2nd period - Shot Blocked by Seth Helgeson.
0:40 of 2nd period - Snap shot by Aaron Ekblad.
0:40 of 2nd period - Stopped by Alexandar Georgiev with a rebound.
0:42 of 2nd period - Slapshot by Griffin Reinhart.
0:42 of 2nd period - Stopped by Alexandar Georgiev with a rebound.
0:44 of 2nd period - Slapshot by Aaron Ekblad.
0:44 of 2nd period - Goal by Aaron Ekblad - Remparts : 3 - Monarchs : 0.
0:45 of 2nd period - Michael Latta wins face-off versus Stefan Matteau in neutral zone.
0:48 of 2nd period - Slapshot by Aaron Ekblad.
0:48 of 2nd period - Deflect By Tobias Rieder.
0:48 of 2nd period - Stopped by Alexandar Georgiev without a rebound.
0:49 of 2nd period - Michael Latta wins face-off versus Stefan Matteau in Monarchs zone.
1:37 of 2nd period - Snap shot by Nicholas Baptiste.
1:37 of 2nd period - Deflect By Andy Andreoff.
1:37 of 2nd period - Shot Misses the Net.
1:37 of 2nd period - Puck is out of play.
1:38 of 2nd period - Anthony Cirelli wins face-off versus Cedric Paquette in Remparts zone.
2:01 of 2nd period - Snap shot by Matt Puempel.
2:01 of 2nd period - Shot Hit the Post.
2:03 of 2nd period - Slapshot by William Colbert.
2:03 of 2nd period - Deflect By Jerry D'Amigo.
2:03 of 2nd period - Stopped by Alexandar Georgiev with a rebound.
2:05 of 2nd period - Slapshot by William Colbert.
2:05 of 2nd period - Stopped by Alexandar Georgiev without a rebound.
2:06 of 2nd period - Stefan Matteau wins face-off versus Michael Latta in Monarchs zone.
2:31 of 2nd period - Snap shot by Quinton Howden.
2:31 of 2nd period - Deflect By Kerby Rychel.
2:31 of 2nd period - Stopped by Alexandar Georgiev with a rebound.
2:57 of 2nd period - Wrist shot by Zach Werenski.
2:57 of 2nd period - Shot Blocked by Niklas Hansson.
3:04 of 2nd period - Major Penalty to Niklas Hansson for Kneeing.
3:05 of 2nd period - Stefan Matteau wins face-off versus Michael Latta in Remparts zone.
7:43 of 2nd period - Icing by Josh Manson.
7:44 of 2nd period - JT Compher wins face-off versus Quinton Howden in Monarchs zone.
8:04 of 2nd period - Penalty to Niklas Hansson is over, Niklas Hansson is back on ice.
8:13 of 2nd period - Snap shot by Mitchell Heard.
8:13 of 2nd period - Stopped by Alexandar Georgiev with a rebound.
8:34 of 2nd period - Noah Hanifin is hit by Niklas Hansson and loses puck.
8:55 of 2nd period - William Colbert is hit by Andy Andreoff and loses puck.
9:21 of 2nd period - Snap shot by Jerry D'Amigo.
9:21 of 2nd period - Stopped by Alexandar Georgiev with a rebound.
9:31 of 2nd period - Olli Maatta is hit by Cedric Paquette and loses puck.
9:38 of 2nd period - Wrist shot by Cedric Paquette.
9:38 of 2nd period - Stopped by Alexandar Georgiev with a rebound.
9:40 of 2nd period - Snap shot by Cedric Paquette.
9:40 of 2nd period - Shot Misses the Net.
9:42 of 2nd period - Snap shot by Cedric Paquette.
9:42 of 2nd period - Stopped by Alexandar Georgiev with a rebound.
9:44 of 2nd period - Slapshot by Niklas Hansson.
9:44 of 2nd period - Shot Misses the Net.
9:46 of 2nd period - Snap shot by Cedric Paquette.
9:46 of 2nd period - Stopped by Alexandar Georgiev with a rebound.
9:48 of 2nd period - Snap shot by Jerry D'Amigo.
9:48 of 2nd period - Shot Misses the Net.
9:50 of 2nd period - Snap shot by Cedric Paquette.
9:50 of 2nd period - Shot Misses the Net.
9:52 of 2nd period - Slapshot by John Draeger.
9:52 of 2nd period - Deflect By Stefan Matteau.
9:52 of 2nd period - Stopped by Alexandar Georgiev with a rebound.
10:02 of 2nd period - Snap shot by Matt Puempel.
10:02 of 2nd period - Stopped by Alexandar Georgiev without a rebound.
10:03 of 2nd period - Riley Armstrong wins face-off versus Michael Latta in Monarchs zone.
10:03 of 2nd period - Riley Armstrong is hit by John Draeger.
10:54 of 2nd period - Michal Jordan is hit by Jacob Josefson and loses puck.
11:09 of 2nd period - Wrist shot by Mikko Rantanen.
11:09 of 2nd period - Shot Misses the Net.
11:11 of 2nd period - Slapshot by Riley Armstrong.
11:11 of 2nd period - Stopped by Garret Sparks with a rebound.
12:08 of 2nd period - Michael Latta is hit by Andy Andreoff and loses puck.
12:31 of 2nd period - Mitchell Heard is hit by Jacob Josefson and loses puck.
12:44 of 2nd period - Seth Helgeson is hit by Matt Puempel and loses puck.
13:39 of 2nd period - Minor Penalty to Seth Helgeson for Hooking.
13:40 of 2nd period - Michael Latta wins face-off versus Anthony Cirelli in Monarchs zone.
14:07 of 2nd period - Jake Walman is hit by Quinton Howden and loses puck.
14:14 of 2nd period - Snap shot by Quinton Howden.
14:14 of 2nd period - Shot Misses the Net.
15:26 of 2nd period - Michal Jordan is hit by Riley Armstrong and loses puck.
15:39 of 2nd period - Penalty to Seth Helgeson is over, Seth Helgeson is back on ice.
15:42 of 2nd period - Jacob De La Rose is hit by Griffin Reinhart and loses puck.
15:49 of 2nd period - Wrist shot by Kerby Rychel.
15:49 of 2nd period - Shot Misses the Net.
15:51 of 2nd period - Wrist shot by Niklas Hansson.
15:51 of 2nd period - Shot Blocked by Anthony Cirelli.
15:53 of 2nd period - Snap shot by Kerby Rychel.
15:53 of 2nd period - Stopped by Alexandar Georgiev with a rebound.
15:55 of 2nd period - Slapshot by Niklas Hansson.
15:55 of 2nd period - Stopped by Alexandar Georgiev with a rebound.
15:57 of 2nd period - Wrist shot by Jake Virtanen.
15:57 of 2nd period - Shot Blocked by Markus Nutivaara.
16:03 of 2nd period - Wrist shot by Kerby Rychel.
16:03 of 2nd period - Stopped by Alexandar Georgiev without a rebound.
16:04 of 2nd period - Michael Latta wins face-off versus Stefan Matteau in Monarchs zone.
16:37 of 2nd period - JT Compher is hit by William Colbert and loses puck.
17:10 of 2nd period - Wrist shot by Jacob Josefson.
17:10 of 2nd period - Shot Misses the Net.
17:24 of 2nd period - Backhand shot by Nick Ritchie.
17:24 of 2nd period - Stopped by Garret Sparks with a rebound.
17:26 of 2nd period - Snap shot by Stefan Matteau.
17:26 of 2nd period - Shot Misses the Net.
17:28 of 2nd period - Wrist shot by Brock Boeser.
17:28 of 2nd period - Stopped by Garret Sparks with a rebound.
17:30 of 2nd period - Slapshot by Brock Boeser.
17:30 of 2nd period - Shot Misses the Net.
17:32 of 2nd period - Snap shot by Nick Ritchie.
17:32 of 2nd period - Deflect By Stefan Matteau.
17:32 of 2nd period - Stopped by Garret Sparks with a rebound.
17:34 of 2nd period - Slapshot by Markus Nutivaara.
17:34 of 2nd period - Deflect By Nick Ritchie.
17:34 of 2nd period - Shot Blocked by Matt Puempel.
17:34 of 2nd period - Puck is out of play.
17:35 of 2nd period - Riley Armstrong wins face-off versus Michael Latta in Remparts zone.
17:44 of 2nd period - Snap shot by Riley Armstrong.
17:44 of 2nd period - Stopped by Garret Sparks with a rebound.
18:00 of 2nd period - Roberts Lipsbergs is hit by Brock Boeser and loses puck.
18:01 of 2nd period - Roberts Lipsbergs from Remparts is injured at 18:01 of 2nd period (Bruised Left Leg).
18:02 of 2nd period - Michael Latta wins face-off versus Riley Armstrong in Remparts zone.
18:07 of 2nd period - Wrist shot by Michael Latta.
18:07 of 2nd period - Shot Blocked by Mikko Rantanen.
19:12 of 2nd period - Olli Maatta is hit by Michael McCarron and loses puck.
19:41 of 2nd period - Slapshot by Noah Hanifin.
19:41 of 2nd period - Stopped by Garret Sparks without a rebound.
19:42 of 2nd period - Riley Armstrong wins face-off versus Cedric Paquette in Remparts zone.
Goals for this period are 1 for Remparts vs 0 for Monarchs .
Shots for this period are 17 for Remparts vs 6 for Monarchs .
3rd period
0:01 of 3rd period - Stefan Matteau wins face-off versus Michael Latta in neutral zone.
0:35 of 3rd period - Snap shot by Mikko Rantanen.
0:35 of 3rd period - Shot Misses the Net.
0:53 of 3rd period - Cedric Paquette is hit by Olli Maatta and loses puck.
1:22 of 3rd period - Jonathan Huberdeau is hit by Nick Ritchie and loses puck.
2:01 of 3rd period - Snap shot by Andy Andreoff.
2:01 of 3rd period - Stopped by Garret Sparks without a rebound.
2:02 of 3rd period - Michael Latta wins face-off versus Stefan Matteau in Remparts zone.
2:02 of 3rd period - Michael Latta is hit by Stefan Matteau.
2:08 of 3rd period - Zach Werenski is hit by Michael Latta.
2:11 of 3rd period - Brock Boeser is hit by Jonathan Huberdeau.
2:27 of 3rd period - Icing by Josh Manson.
2:28 of 3rd period - Quinton Howden wins face-off versus Stefan Matteau in Monarchs zone.
2:41 of 3rd period - Slapshot by Kerby Rychel.
2:41 of 3rd period - Stopped by Alexandar Georgiev with a rebound.
2:43 of 3rd period - Snap shot by Jake Virtanen.
2:43 of 3rd period - Goal by Jake Virtanen - Remparts : 4 - Monarchs : 0.
2:44 of 3rd period - Michael Latta wins face-off versus Riley Armstrong in neutral zone.
2:57 of 3rd period - Wrist shot by Riley Armstrong.
2:57 of 3rd period - Shot Blocked by Aaron Ekblad.
4:21 of 3rd period - Wrist shot by Zach Werenski.
4:21 of 3rd period - Deflect By Riley Armstrong.
4:21 of 3rd period - Shot Blocked by William Colbert.
4:21 of 3rd period - Puck is out of play.
4:22 of 3rd period - Stefan Matteau wins face-off versus Quinton Howden in Remparts zone.
4:29 of 3rd period - Stefan Matteau is hit by Kerby Rychel and loses puck.
4:36 of 3rd period - Snap shot by Kerby Rychel.
4:36 of 3rd period - Shot Misses the Net.
4:50 of 3rd period - Aaron Ekblad is hit by Seth Helgeson and loses puck.
5:17 of 3rd period - Wrist shot by Jerry D'Amigo.
5:17 of 3rd period - Stopped by Alexandar Georgiev with a rebound.
5:27 of 3rd period - Minor Penalty to Jerry D'Amigo for Slashing.
5:28 of 3rd period - Stefan Matteau wins face-off versus Michael Latta in Remparts zone.
5:31 of 3rd period - Wrist shot by Mikko Rantanen.
5:31 of 3rd period - Shot Misses the Net.
5:33 of 3rd period - Snap shot by Markus Nutivaara.
5:33 of 3rd period - Stopped by Garret Sparks with a rebound.
5:35 of 3rd period - Slapshot by Zach Werenski.
5:35 of 3rd period - Shot Blocked by Michael Latta.
5:37 of 3rd period - Wrist shot by Mikko Rantanen.
5:37 of 3rd period - Shot Misses the Net.
7:27 of 3rd period - Penalty to Jerry D'Amigo is over, Jerry D'Amigo is back on ice.
7:31 of 3rd period - Off-side.
7:32 of 3rd period - Mitchell Heard wins face-off versus Jacob Josefson in neutral zone.
7:44 of 3rd period - Wrist shot by Zach Werenski.
7:44 of 3rd period - Stopped by Garret Sparks with a rebound.
7:46 of 3rd period - Slapshot by Zach Werenski.
7:46 of 3rd period - Shot Misses the Net.
7:48 of 3rd period - Slapshot by Jacob Josefson.
7:48 of 3rd period - Shot Misses the Net.
8:15 of 3rd period - Icing by Michal Jordan.
8:16 of 3rd period - Riley Armstrong wins face-off versus Quinton Howden in Remparts zone.
9:09 of 3rd period - Snap shot by Jake Virtanen.
9:09 of 3rd period - Shot Misses the Net.
9:15 of 3rd period - Snap shot by Jake Virtanen.
9:15 of 3rd period - Shot Misses the Net.
9:27 of 3rd period - Snap shot by Mikko Rantanen.
9:27 of 3rd period - Stopped by Garret Sparks without a rebound.
9:28 of 3rd period - Jonathan Huberdeau wins face-off versus Stefan Matteau in Remparts zone.
9:41 of 3rd period - Brock Boeser is hit by Griffin Reinhart and loses puck.
9:54 of 3rd period - Markus Nutivaara is hit by Jerry D'Amigo and loses puck.
11:20 of 3rd period - Cedric Paquette is hit by Seth Helgeson.
13:01 of 3rd period - Michal Jordan is hit by Brock Boeser and loses puck.
13:53 of 3rd period - Josh Manson is hit by Griffin Reinhart.
14:03 of 3rd period - Snap shot by Tobias Rieder.
14:03 of 3rd period - Deflect By Jerry D'Amigo.
14:03 of 3rd period - Goal by Jerry D'Amigo - Remparts : 5 - Monarchs : 0.
14:04 of 3rd period - Riley Armstrong wins face-off versus Michael Latta in neutral zone.
14:09 of 3rd period - Snap shot by Mikko Rantanen.
14:09 of 3rd period - Deflect By Riley Armstrong.
14:09 of 3rd period - Shot Misses the Net.
14:09 of 3rd period - Puck is out of play.
14:10 of 3rd period - Mikko Rantanen wins face-off versus Tobias Rieder in Remparts zone.
14:36 of 3rd period - Off-side.
14:37 of 3rd period - Stefan Matteau wins face-off versus Quinton Howden in neutral zone.
15:07 of 3rd period - Snap shot by Stefan Matteau.
15:07 of 3rd period - Shot Blocked by Aaron Ekblad.
15:42 of 3rd period - Slapshot by Stefan Matteau.
15:42 of 3rd period - Shot Blocked by Aaron Ekblad.
15:44 of 3rd period - Wrist shot by Nick Ritchie.
15:44 of 3rd period - Shot Misses the Net.
15:46 of 3rd period - Slapshot by Zach Werenski.
15:46 of 3rd period - Stopped by Garret Sparks without a rebound.
15:47 of 3rd period - Riley Armstrong wins face-off versus Michael Latta in Remparts zone.
16:34 of 3rd period - Slapshot by Zach Werenski.
16:34 of 3rd period - Goal by Zach Werenski - Remparts : 5 - Monarchs : 1.
16:35 of 3rd period - Riley Armstrong wins face-off versus Michael Latta in neutral zone.
16:38 of 3rd period - Snap shot by Mikko Rantanen.
16:38 of 3rd period - Stopped by Garret Sparks with a rebound.
16:40 of 3rd period - Wrist shot by JT Compher.
16:40 of 3rd period - Shot Misses the Net.
16:42 of 3rd period - Snap shot by JT Compher.
16:42 of 3rd period - Shot Misses the Net.
16:44 of 3rd period - Slapshot by Markus Nutivaara.
16:44 of 3rd period - Deflect By Riley Armstrong.
16:44 of 3rd period - Stopped by Garret Sparks with a rebound.
16:46 of 3rd period - Snap shot by Mikko Rantanen.
16:46 of 3rd period - Stopped by Garret Sparks with a rebound.
16:48 of 3rd period - Wrist shot by Mikko Rantanen.
16:48 of 3rd period - Shot Blocked by Aaron Ekblad.
16:50 of 3rd period - Slapshot by JT Compher.
16:50 of 3rd period - Shot Misses the Net.
16:56 of 3rd period - Minor Penalty to Michael Latta for Hooking.
16:57 of 3rd period - Cedric Paquette wins face-off versus Stefan Matteau in Remparts zone.
17:03 of 3rd period - Icing by Markus Nutivaara.
17:04 of 3rd period - Cedric Paquette wins face-off versus Stefan Matteau in Monarchs zone.
17:05 of 3rd period - Wrist shot by Tobias Rieder.
17:05 of 3rd period - Stopped by Alexandar Georgiev without a rebound.
17:06 of 3rd period - Cedric Paquette wins face-off versus Stefan Matteau in Monarchs zone.
17:17 of 3rd period - Wrist shot by Tobias Rieder.
17:17 of 3rd period - Stopped by Alexandar Georgiev with a rebound.
17:29 of 3rd period - Snap shot by Zach Werenski.
17:29 of 3rd period - Stopped by Garret Sparks without a rebound.
17:30 of 3rd period - Cedric Paquette wins face-off versus Anthony Cirelli in Remparts zone.
18:56 of 3rd period - Penalty to Michael Latta is over, Michael Latta is back on ice.
Goals for this period are 2 for Remparts vs 1 for Monarchs .
Shots for this period are 6 for Remparts vs 10 for Monarchs .